 Dungeon Crawl Stone Soup version 0.28-a0-578-g717728bcc0 (webtiles) character file.

Game seed: 3593418128540157848

111 Conn the Firebug (level 4, 0/40 HPs)
             Began as an Octopode Fire Elementalist on Oct 2, 2021.
             Slain by an adder (4 damage)
             ... on level 3 of the Dungeon.
             The game lasted 00:03:33 (2404 turns).

Conn the Firebug (Octopode Fire Elementalist)       Turns: 2404, Time: 00:03:33

Health: 0/40       AC:  1    Str:  7    XL:     4   Next: 92%
Magic:  1/8        EV: 13    Int: 18    God:
Gold:   55         SH:  0    Dex: 12    Spells: 8/9 levels left

rFire   . . .      SeeInvis .   e - +1 hand axe (flame)
rCold   . . .      Faith    .   (no shield)
rNeg    . . .      Spirit   .   (helmet restricted)
rPois   .          Reflect  .   (no amulet)
rElec   .          Harm     .   (no ring)
rCorr   .          Rampage  .   (no ring)
Will    .....                   (no ring)
Stlth   ..........              (no ring)
HPRegen 0.13/turn               (no ring)
MPRegen 0.11/turn               (no ring)
                                (no ring)
                                (no ring)

@: berserking, very quick
A: almost no armour, amphibious, 8 rings, camouflage 1, gelatinous body 1,
(nimble swimmer 1), tentacles
a: no special abilities


You were on level 3 of the Dungeon.
You visited 1 branch of the dungeon, and saw 3 of its levels.

You collected 55 gold pieces.

Inventory:

Hand Weapons
 a - a +0 dagger
 e - a +1 hand axe of flaming (weapon)
Missiles
 g - a throwing net
Scrolls
 d - a scroll of identify {unknown}
 f - a scroll of brand weapon {unknown}
 h - a scroll of teleportation {unknown}
Potions
 c - a potion of magic {unknown}


   Skills:
 + Level 2.1 Dodging
 + Level 3.7 Stealth
 + Level 0.2 Unarmed Combat
 + Level 3.0 Spellcasting
 + Level 2.1 Conjurations
 + Level 3.7 Fire Magic


You had 8 spell levels left.
You knew the following spells:

 Your Spells              Type           Power      Damage    Failure   Level
a - Foxfire               Conj/Fire      52%        2x1d6     4%          1

Your spell library contained the following spells:

 Spells                   Type           Power      Damage    Failure   Level
 Scorch                   Fire           32%        2d7       5%          2
 Magic Dart               Conj           40%        1d5       7%          1
 Conjure Flame            Conj/Fire      13%        6-21      14%         3
 Inner Flame              Hex/Fire       9%         N/A       22%         3
 Call Imp                 Summ           2%         N/A       24%         2
 Mephitic Cloud           Conj/Pois/Air  5%         N/A       36%         3
 Call Canine Familiar     Summ           2%         N/A       43%         3
 Portal Projectile        Hex/Tloc       4%         N/A       43%         3
 Flame Wave               Conj/Fire      13%        3d5       43%         4
 Leda's Liquefaction      Hex/Erth       1%         N/A       85%         4


Dungeon Overview and Level Annotations

Branches:
Dungeon (3/15)

Altars:

Shops:
D:2 (   D:3 [

Annotations:
D:3 Robin


Innate Abilities, Weirdness & Mutations

You cannot wear most types of armour.
You are amphibious.
You can wear up to eight rings at the same time.
Your skin changes colour to match your surroundings (Stealth+).
Your rubbery body absorbs attacks. (AC +1, EV +1)
((You are camouflaged near water. (Stealth+)))
You have tentacles for arms and can constrict up to eight enemies at once.


Message History

You kill the goblin!
The foxfire hits the hobgoblin.
You kill the hobgoblin!
Robin throws the goblin at you! The goblin hits you with a +0 club.
You barely miss the goblin. Your grab misses the goblin.
The foxfire hits the goblin.
The goblin is severely wounded.
The foxfire hits the goblin.
You kill the goblin!
Robin throws the goblin at you! The goblin hits you with a +0 dagger.
Unknown command.
You hit the adder. You burn the adder. Your grab misses the adder.
Your squeeze misses the adder.
The adder is lightly wounded.
You hit the goblin. You burn the goblin. The goblin misses you.
The adder bites you. The goblin hits you with a +0 dagger.
Unknown command.
You miss the adder. Your grab misses the adder.
The adder is lightly wounded.
You closely miss the goblin. The adder bites you.
* * * LOW HITPOINT WARNING * * *
Robin hits you but does no damage. The goblin barely misses you.
The adder bites you.
* * * LOW HITPOINT WARNING * * *
The goblin barely misses you.
Things that are here:
a +0 club; a goblin corpse The goblin misses you.
Robin throws the goblin at you! The goblin hits you with a +0 dagger.
* * * LOW HITPOINT WARNING * * *
The adder closely misses you.
It was a potion of berserk rage.
A red film seems to cover your vision as you go berserk!
You feel yourself moving faster!
You feel mighty! The adder bites you.
* * * LOW HITPOINT WARNING * * *
The goblin barely misses you.
You barely miss the adder. Your grab misses the adder.
The adder is lightly wounded.
You miss the goblin. The adder bites you.
You die...

##.........
..$)......
#.........
#.))).....
#.........
###).)...)..
+...g##..###
####S# # #@#
# #g# ### .#
#.# ..#
####.# #.#
..###+#....#
##'#####
..##...<.#
#......#
..##.....####
#......#
..##..)..+..#
#......#
..##.....##.#
#......#


You could see Robin, an adder and a goblin (strong).

Vanquished Creatures
  A hound skeleton (D:2)
  3 gnolls (D:2)
  2 adders
  A worm (D:3)
  3 dart slugs
  5 endoplasms
  9 goblins
  5 hobgoblins
  4 jackals (D:1)
  A quokka (D:2)
  2 bats (D:1)
  A frilled lizard (D:1)
  A kobold (D:1)
  A rat (D:1)
39 creatures vanquished.

Vanquished Creatures (others)
  101 foxfires
101 creatures vanquished.

Grand Total: 140 creatures vanquished

Notes
Turn   | Place    | Note
-------+----------+-------------------------------------------
     0 | D:1      | Conn the Octopode Fire Elementalist began the quest for the
                  | Orb.
     0 | D:1      | Reached XP level 1. HP: 11/11 MP: 3/3
   256 | D:1      | Reached XP level 2. HP: 17/17 MP: 5/5
   855 | D:1      | Found a faded altar of an unknown god.
  1545 | D:2      | Reached XP level 3. HP: 21/21 MP: 2/6
  1613 | D:2      | Found Ostasmi's Antique Weapon Shop.
  1834 | D:2      | Reached XP level 4. HP: 24/27 MP: 2/8
  2347 | D:3      | Found Fosmarip's Antique Armour Boutique.
  2389 | D:3      | Noticed Robin
  2404 | D:3      | Slain by an adder

Illustrated notes

Levels and vault maps discovered:
D:1:      dpeg_arrival_simpleton_a, layout_basic,
          shapermc_ecumenical_altar_totnotflames, serial_park_tiny_1,
          patterned_corridor
D:2:      layout_rooms, serial_shops, shop
D:3:      layout_basic, serial_shops, shop, uniq_robin

Skill      XL: |  1  2  3  4 |
---------------+-------------+-----
Stealth        | 3 |  3.7
Conjurations   | 2 |  2.1
Spellcasting   | 3 |  3.0
Dodging        | |  2.1
Unarmed Combat | |  0.2
Fire Magic     | |  3.7

Action                   |  1- 3 |  4- 6 || total
-------------------------+-------+-------++-------
Melee: Unarmed           |    12 |       ||    12
       Constrict         |     6 |     1 ||     7
       Dagger            |    16 |       ||    16
       Tentacles         |     4 |     1 ||     5
       Hand axe          |     1 |    12 ||    13
 Cast: Foxfire           |    37 |    23 ||    60
  Use: Potion            |       |     1 ||     1
 Stab: Sleeping          |     2 |     1 ||     3
Armor: Skin              |     2 |     2 ||     4
Dodge: Dodged            |    26 |     9 ||    35

Table legend: (Time is in decaauts)
 A = Elapsed time spent in this place.
 B = Non-inter-level travel time spent in this place.
 C = Inter-level travel time spent in this place.
 D = Time resting spent in this place.
 E = Time spent auto-exploring this place.
 F = Levels seen in this place.
 G = Mean time per level.
                   A        B        C        D        E       F      G
               +--------+--------+--------+--------+--------+-----+--------+
         Total |   2406 |   2240 |    166 |     10 |   1867 |   3 |  802.0 |
       Dungeon |   2406 |   2240 |    166 |     10 |   1867 |   3 |  802.0 |
               +--------+--------+--------+--------+--------+-----+--------+

Top non-repeatable levels by time:
     D:1: 1488 daAuts
     D:2: 737 daAuts
     D:3: 180 daAuts
